 Dungeon Crawl Stone Soup version 0.31-a0-949-g57150269e1 (webtiles) character file.

Game seed: 10230971691701141355

35 avis the Changeling (level 3, 16/16 HPs)
             Began as a Felid Shapeshifter on Oct 22, 2023.
             Got out of the dungeon alive.
             The game lasted 00:04:15 (782 turns).

avis the Changeling (Felid Shapeshifter)             Turns: 782, Time: 00:04:15

Health: 16/16      AC:  1    Str: 10    XL:     3   Next: 17%
Magic:  13/13      EV: 17    Int: 11    God:
Gold:   91         SH:  0    Dex: 17    Spells: 2/2 levels left
                                        Lives:  0   Deaths: 1

rFire   . .          .
                       - Unarmed
rCold   . . .        (shield unavailable)
rNeg    . . .        (body armour unavailable)
rPois   .            (helmet unavailable)
rElec   .            (cloak unavailable)
rCorr   .            (gloves unavailable)
SInv    +            (boots unavailable)
Will    .....        (no amulet)
Stlth   ++           e - ring of magical power
HPRegen 0.22/turn    (no ring)
MPRegen 0.13/turn

%: no passive effects
@: beast-form, quick
A: beast (slay +2), very small, claws 1, fangs 3, see invisible, speed 1, shaggy
fur 1, stealthy paws, no weapons or thrown items, no armour, multi-lived
a: Begin Untransformation


You escaped.
You were a hulking beast.
You visited 1 branch of the dungeon, and saw 2 of its levels.

You collected 91 gold pieces.

Inventory:

Jewellery
 e - a ring of magical power (left paw)
Talismans
 b - a beast talisman (active)
 c - a flux talisman
Scrolls
 d - a scroll of identify {unknown}
Potions
 a - 2 potions of lignification


   Skills:
 * Level 2.9 Fighting
 - Level 2.6 Dodging
 - Level 3.0 Unarmed Combat
 - Level 3.5 Shapeshifting


You had 2 spell levels left.
You didn't know any spells.
Your spell library contained the following spells:

 Spells                   Type           Power      Damage    Failure   Level
 Sting                    Tmut/Pois      0%         1d3       34%         1
 Poisonous Vapours        Pois/Air       0%         N/A       47%         2
 Olgreb's Toxic Radiance  Pois           0%         N/A       98%         4


Dungeon Overview and Level Annotations

Branches:
Dungeon (2/15)

Altars:


Innate Abilities, Weirdness & Mutations

You are a hulking beast.
Your limbs bulge with bestial killing power. (Slay +2)
You have sharp claws.
You have razor-sharp teeth.
You have supernaturally acute eyesight. (SInv)
You cover ground quickly. (Speed+)
You are covered in fur. (AC +1)
Your paws help you pounce on unaware monsters.
You are incapable of wielding weapons or throwing items.
You cannot wear armour.
You gain extra lives every three experience levels.


Message History

The quokka closely misses you. The bat barely misses you.
The bat hits you but does no damage. The bat completely misses you.
There is a stone staircase leading up here.
The quokka closely misses you.
You climb upwards.
There is a stone staircase leading down here.
You start resting.
Magic restored.
You start resting.
HP restored.
You climb downwards.
The bat closely misses you. The ball python bites you.
The ball python completely misses you. The quokka bites you.
The bat closely misses you. The ball python closely misses you.
The ball python grabs you. The ball python constricts you.
There is a stone staircase leading up here.
You escape the ball python's grasp.
The quokka attacks as it pursues you! The quokka misses you.
The bat hits you but does no damage. The bat attacks as it pursues you!
The bat misses you. The bat completely misses you.
The bat attacks as it pursues you! The bat misses you.
The quokka twitches its whiskers.
The bat closely misses you.
There is an escape hatch in the ceiling here.
The bat closely misses you. The quokka bites you. The bat closely misses you.
A mysterious force pulls you upwards. The hatch slams shut behind you.
You scratch the quokka.
The quokka is severely wounded.
The quokka bites you.
You scratch the quokka but do no damage.
The quokka is severely wounded.
The quokka bites you.
* * * LOW HITPOINT WARNING * * *
The quokka bites you.
You die...
Your shape twists and changes as you die.
You rejoin the land of the living...
A quokka is nearby!
There is a staircase leading out of the dungeon here.
You have escaped!

....###### ##......)..#.#.#♣P♣..
.........####.....####.#.#......♣
#...####.#.............#.#.#♣♣.♣♣
.>..####.###....r....##......#...
.##.......#8.........8#..#.#...##
[##.......#...8...8...#.##.#...##
###.......#8.........8#.##.##...#
#.......##.........##.......#..
#.......#####8h8######..######.
#.......# ###########......# #.
###########..............>.# #.
#..[######.........# #. #.###
#...r.....# #. #.# #...†..(..# ##
### ####..##### ####


You could see a quokka.

Vanquished Creatures
  A dart slug (D:1)
  4 endoplasms (D:1)
  2 giant cockroaches (D:1)
  3 goblins (D:1)
  5 hobgoblins (D:1)
  2 kobolds (D:1)
  2 quokkas (D:1)
  3 ball pythons (D:1)
  3 bats (D:1)
  3 frilled lizards (D:1)
  2 rats (D:1)
30 creatures vanquished.

Notes
Turn   | Place    | Note
-------+----------+-------------------------------------------
     0 | D:1      | avis the Felid Shapeshifter began the quest for the Orb.
     0 | D:1      | Reached XP level 1. HP: 9/9 MP: 2/2
    80 | D:1      | Reached XP level 2. HP: 13/13 MP: 3/3
   376 | D:1      | Reached XP level 3. HP: 13/16 MP: 4/4
   753 | D:1      | Slain by a quokka
   782 | D:$      | Got out of the dungeon alive.

Illustrated notes

Levels and vault maps discovered:
D:1:      mrwooster_arrival_statue_2, layout_rooms, serial_forest,
          infiniplex_forest_clump_long, infiniplex_forest_clump_small,
          infiniplex_forest_lined_1, infiniplex_forest_lined_3,
          infiniplex_forest_corner_2, infiniplex_forest_lined_ring
D:2:      layout_basic

Skill      XL: |  1 |
---------------+----+-----
Fighting       | 2 |  2.9
Dodging        | |  2.6
Unarmed Combat | |  3.0
Shapeshifting  | |  3.5

Action                     || total
---------------------------++-------
  Melee: Unarmed           ||    77
         Bite              ||     7
         Punch             ||     2
 Armour: Skin              ||    32
  Dodge: Dodged            ||    58

Table legend: (Time is in decaauts)
 A = Elapsed time spent in this place.
 B = Non-inter-level travel time spent in this place.
 C = Inter-level travel time spent in this place.
 D = Time resting spent in this place.
 E = Time spent auto-exploring this place.
 F = Levels seen in this place.
 G = Mean time per level.
                   A        B        C        D        E       F      G
               +--------+--------+--------+--------+--------+-----+--------+
         Total |    669 |    613 |     56 |    109 |    252 |   2 |  334.5 |
       Dungeon |    669 |    613 |     56 |    109 |    252 |   2 |  334.5 |
               +--------+--------+--------+--------+--------+-----+--------+

Top non-repeatable levels by time:
     D:1: 643 daAuts
     D:2: 26 daAuts
